 Dungeon Crawl Stone Soup version 0.27-a0-1071-ga85bd9520d (webtiles) character file.

Game seed: 5499212557200093378

511642 porpoise the Warrior (level 25, -2/208 HPs)
             Began as a Djinni Venom Mage on Apr 22, 2021.
             Was the Champion of Makhleb.
             Slain by a tentacled monstrosity (3 damage)
             ... on level 5 of the Depths on Apr 25, 2021.
             The game lasted 10:28:11 (74082 turns).

porpoise the Warrior (Djinni Venom Mage)           Turns: 74082, Time: 10:28:12

Health: -2/208     AC: 29    Str: 24    XL:     25   Next: 55%
Gold:   2064       EV: 18    Int: 23    God:    Makhleb [******] SH: 12 Dex: 21

rFire    + + .     SeeInvis .   a - +9 double sword (holy)
rCold    + . .     Faith    .   l - +3 warlock's mirror {reflect}
rNeg     + + +     Spirit   .   J - +2 ice dragon scales
rPois    ∞         Reflect  +   h - +1 helmet of Time Monsters {rElec rF+}
rElec    +         Harm     .   T - +2 cloak {rCorr}
rCorr    +         Rampage  .   j - +1 pair of gloves of Ficisaosch {Str+5}
Will     ++...                  (boots unavailable)
Stlth    +++.......             H - amulet of Vitality {Regen+ HP+15}
HPRegen  1.44/turn              Q - ring "Yvoem" {Wiz *Corrode rN+++ Str+7 Dex+2}
MPRegen  0.00/turn              U - ring of Puanet {AC+4 Dex+4}

@: flying, slowed, constricted, very slow
A: fire resistance 2, cold vulnerability 1, float, innate caster, hp casting,
extra vitality 1
}: 2/15 runes: barnacled, gossamer
a: Renounce Religion, Minor Destruction, Lesser Servant of Makhleb, Major
Destruction, Greater Servant of Makhleb


You were on level 5 of the Depths.
You worshipped Makhleb.
Makhleb was exalted by your worship.
You visited 8 branches of the dungeon, and saw 43 of its levels.
You visited 2 bazaars.
You also visited: Sewer, Ice Cave, Volcano and Desolation.

You collected 7627 gold pieces.
You spent 5563 gold pieces at shops.

Inventory:

Hand Weapons
 a - a +9 double sword of holy wrath (weapon)
 E - a +5 quick blade of draining
Armour
 h - the +1 helmet of Time Monsters (worn) {rElec rF+}
   (You found it on level 9 of the Dungeon)

   It protects you from fire.
   It insulates you from electricity.
 j - the +1 pair of gloves of Ficisaosch (worn) {Str+5}
   (You found it in a volcano)

   It affects your strength (+5).
 l - the +3 warlock's mirror (worn) {reflect}
   (You bought it in a shop on level 1 of the Orcish Mines)
 J - +2 ice dragon scales (worn)
 T - a +2 cloak of preservation (worn)
Magical Staves
 b - a staff of poison
 q - a staff of death
 w - a staff of air
Jewellery
 g - the ring of the Death Scarab {Ice rCorr SInv}
   (You bought it in a shop on level 2 of the Orcish Mines)

   [ring of ice]

   It enhances your ice magic.
   It makes you vulnerable to fire.
   It protects you from cold.
   It lets you see invisible.
   It protects you from acid and corrosion.
 H - the amulet of Vitality (around neck) {Regen+ HP+15}
   (You bought it in a shop on level 2 of the Orcish Mines)

   [amulet of regeneration]

   It affects your health (+15).
   It increases your rate of health regeneration.
 Q - the ring "Yvoem" (left hand) {Wiz *Corrode rN+++ Str+7 Dex+2}
   (You found it in the Desolation of Salt)

   [ring of wizardry]

   It improves your spell success rate.
   It affects your strength (+7).
   It affects your dexterity (+2).
   It renders you almost immune to negative energy.
   It may corrode you when you take damage.
 U - the ring of Puanet (right hand) {AC+4 Dex+4}
   (You bought it in a shop on level 2 of the Depths)

   [ring of protection]

   It affects your AC (+4).
   It affects your dexterity (+4).
Wands
 c - a wand of acid (47)
 i - a wand of charming (17)
 p - a wand of mindburst (41)
 u - a wand of paralysis (44)
 v - a wand of digging (7)
 I - a wand of iceblast (97)
Scrolls
 f - 2 scrolls of holy word
 n - 7 scrolls of silence
 t - 7 scrolls of vulnerability
 B - 4 scrolls of summoning
 F - 21 scrolls of teleportation
 G - 4 scrolls of magic mapping
 M - 11 scrolls of blinking
 S - 7 scrolls of fear
 V - 5 scrolls of fog
Potions
 d - 10 potions of haste
 e - 5 potions of heal wounds
 k - 8 potions of might
 r - 2 potions of ambrosia
 z - 7 potions of cancellation
 A - 5 potions of lignification
 D - 16 potions of curing
 L - 3 potions of invisibility
 Y - 3 potions of resistance
Miscellaneous
 m - a box of beasts
 y - a condenser vane
 O - a phantom mirror
 P - a tin of tremorstones (2/2)


   Skills:
 - Level 20.0 Fighting
 + Level 13.0 Long Blades
 + Level 13.2 Armour
 - Level 16.0 Dodging
 - Level 9.0 Stealth
 - Level 15.0 Shields
 - Level 18.0 Spellcasting
 - Level 15.0 Invocations
 - Level 12.0 Evocations


You couldn't memorise any spells.
You knew the following spells:

 Your Spells              Type           Power      Damage    Failure   Level
a - Sting                 Tmut/Pois      100%       1d8       0%          1
b - Dragon Form           Tmut           40%        N/A       1%          7
c - Death Channel         Necr           40%        N/A       1%          6
d - Iskenderun's Mystic   Conj/Tloc      80%        2d16      1%          4
e - Wereblood             Tmut           80%        N/A       0%          2
f - Foxfire               Conj/Fire      100%       2x1d9     0%          1
g - Agony                 Necr           80%        N/A       1%          5
h - Chain Lightning       Conj/Air       40%        N/A       9%          8
i - Ignite Poison         Fire/Tmut/Pois 80%        N/A       0%          3
l - Simulacrum            Ice/Necr       40%        N/A       1%          6
m - Mephitic Cloud        Conj/Pois/Air  80%        N/A       0%          3
n - Animate Armour        Summ/Erth      100%       N/A       1%          4
o - Olgreb's Toxic Radia  Pois           80%        N/A       1%          4
s - Static Discharge      Conj/Air       80%        N/A       0%          2
t - Infestation           Necr           40%        N/A       9%          8
v - Poisonous Vapours     Pois/Air       100%       N/A       0%          2
z - Freezing Cloud        Conj/Ice/Air   40%        6-21      1%          6
Your spell library was empty.

Dungeon Overview and Level Annotations

Branches:
Dungeon (15/15)            Temple (0/1) D:5            Lair (6/6) D:9
 Shoals (4/4) Lair:2       Spider (4/4) Lair:2        Slime (0/5) Lair:6
    Orc (2/2) D:9             Elf (3/3) Orc:2        Vaults (4/5) D:14
  Crypt (0/3) Vaults:3     Depths (5/5) D:15          Sewer (visited)
  IceCv (visited)         Volcano (visited)         Desolation (visited)
    Zot: Depths:5

Altars:
Cheibriados
Fedhas
Gozag
Hepliaklqana
Kikubaaqudgha
Makhleb
Nemelex Xobeh
Okawaru
Sif Muna
Trog
Xom
The Shining One
Beogh

Shops:
D:3 ?   D:5 :   D:9 (   D:12 =   Orc:1 [   Orc:2 =*?*   Elf:2 =*?   Vaults:2 [
Depths:2 [:==

Portals:
Hell: Depths:1 Depths:2 Depths:3 Depths:4
Abyss: Depths:2 Depths:3 Depths:4
Pandemonium: Depths:3
Ziggurat: Depths:2
Trove: Vaults:1 (give +2 shadow dragon scales)

Annotations:
D:8 3 runed translucent doors, kd29's ghost, novice GrFE
Shoals:1 1 runed translucent door, mdonais's ghost, adept DsDe


Innate Abilities, Weirdness & Mutations

You are immune to poison.
Your flesh is very heat resistant. (rF++)
You are vulnerable to cold. (rC-)
You float through the air rather than walking.
You learn spells naturally, not from books.
Your magical power is your life essence.
You have superior vitality. (+4 HP)


Message History

* * * LOW HITPOINT WARNING * * *
The tentacled monstrosity tentacle-slaps you but does no damage. x2
You block the tentacled monstrosity's attack.
* * * LOW HITPOINT WARNING * * *
The tentacled monstrosity constricts you!
The tengu warrior hits you with a +0 great sword!
* * * LOW HITPOINT WARNING * * *
The tengu warrior pecks you but does no damage.
The tengu warrior misses you.
The fire giant hits you with a +0 great sword of flaming!
* * * LOW HITPOINT WARNING * * *
The fire giant burns you.
* * * LOW HITPOINT WARNING * * *
The deep troll bites you but does no damage.
The deep troll barely misses you. x2
The tentacled monstrosity tentacle-slaps you but does no damage. x3
* * * LOW HITPOINT WARNING * * *
The tentacled monstrosity constricts you.
Casting: Ignite Poison (safe; 0% risk of failure)
Confirm with . or Enter, or press ? or * to list all spells.
Okay, then.
Unknown command.
Okay, then.
Unknown command.
Unknown command.
You feel much better.
The deep troll looks more healthy.
The tengu warrior hits you but does no damage.
You block the tengu warrior's attack. x2
The fire giant casts a spell at you. The bolt of fire hits you! You resist.
* * * LOW HITPOINT WARNING * * *
The deep troll completely misses you. The deep troll claws you!
* * * LOW HITPOINT WARNING * * *
The deep troll claws you!
* * * LOW HITPOINT WARNING * * *
The tengu warrior hits you but does no damage.
The tengu warrior pecks you but does no damage.
The tengu warrior barely misses you.
The tentacled monstrosity tentacle-slaps you.
You die...

,,,,,,***,,,,,**+,,,,,,,,,,,*,,,,
,,,,,**##(.........?....,,,,**,**
,,,,,* #................,,,*****
,,,,,* ##.............?.,^,,*
,,,,,**#................,,,,*
,,,*,,*##..............,,,,**
,,**,,,#......°.B.....,,,***
,,,**,,....§..GTXC#***,***
,,,*,,*.,#.§§§iQ@#* ***
,,,,,,,..#.§§§...#
,,,,,,**#......^#### ,,,,*,*
#.......#..### ,,*****
##...........#* ,,*
#####........#* ,,* ##.......^#
,,* #......### ,,* ##....##


You could see a tentacled monstrosity (slow), a fire giant, a great orb of eyes,
a tengu warrior, a deep troll (strong), a spriggan air mage (repels missiles)
and a death scarab (slow).

Vanquished Creatures
  An ancient lich (Depths:3)
  Mara (Shoals:4)
  Jorgrun (Elf:1)
  2 tentacled monstrosities (Depths:4)
  A lich (Depths:4)
  A deep elf blademaster (Elf:3)
  2 deep elf master archers (Elf:3)
  A titan (Depths:4)
  Asterion (Spider:4)
  An ancient champion (Vaults:3)
  3 krakens
  Polyphemus (Shoals:4)
  3 sphinxes
  Frances (Shoals:1)
  A storm dragon (Depths:4)
  4 tengu reavers
  Kirke (Lair:4)
  3 fire giants
  6 deep elf sorcerers (Elf:3)
  8 frost giants
  9 vault wardens
  4 deep elf elementalists
  A balrug (Depths:1)
  6 ghost moths
  5 emperor scorpions
  Louise (Shoals:4)
  An orc warlord (Vaults:1)
  14 ironbound preservers
  A war gargoyle (Vaults:3)
  7 stone giants
  5 spriggan defenders
  18 very ugly things
  4 deep elf demonologists
  7 deep elf annihilators
  11 entropy weavers
  2 dire elephants
  2 blizzard demons (IceCv)
  3 ettins
  3 spark wasps
  A crystal guardian (Vaults:3)
  2 merfolk javelineers
  3 deep elf death magi (Elf:3)
  10 yaktaur captains
  4 deep elf high priests
  5 fire dragons
  3 ragged hierophants (Desolation)
  6 merfolk impalers
  Harold (Lair:1)
  The ghost of tardwrangler69 the Spear-Bearer, a journeyman MfFi of Okawaru (D:10)
  The ghost of qdestroyer the Spear-Bearer, a journeyman MiFi of Qazlal (Shoals:3)
  3 ghost crabs (Lair:5)
  4 great orbs of eyes
  9 boulder beetles
  13 vault guards
  10 merfolk avatars
  4 servants of whispers (Desolation)
  A rakshasa (Depths:2)
  The ghost of ardl the Thaumaturge, a journeyman GnVM of Gozag (Orc:2)
  5 spriggan air magi
  7 ice dragons
  7 ironbound thunderhulks
  8 hydras
  A catoblepas (Lair:3)
  7 peacekeepers
  6 two-headed ogres
  2 ironbound frosthearts (Vaults:2)
  17 centaur warriors
  8 merfolk aquamancers
  28 dancing weapons
  2 death knights
  5 deep troll earth magi
  7 deep troll shamans
  6 tengu warriors
  3 ironbound beastmasters
  11 death yaks
  The ghost of Joucvur the Gelid, a journeyman DEIE of Vehumet (D:14)
  2 orc high priests
  5 hell knights (Depths:4)
  A sun demon (Depths:1)
  4 iron trolls
  5 fire crabs (Lair:5)
  A skeletal warrior (D:12)
  16 deep elf knights
  7 sea snakes
  2 glowing orange brains
  58 deep trolls
  18 deep elf archers
  4 necromancers
  3 lindwurms
  17 ironbound convokers
  A harpy (shapeshifter) (D:14)
  28 harpies
  17 wizards
  9 orc knights
  3 phantasmal warriors
  34 deep elf zephyrmancers
  43 ugly things
  15 orb spiders
  27 deep elf pyromancers
  30 wolf spiders
  2 orc sorcerers
  28 manticores
  10 cyclopes
  18 fauns
  2 moths of wrath
  8 merfolk sirens
  6 elephants
  3 guardian serpents (Desolation)
  5 black mambas
  An apocalypse crab (Lair:5)
  14 vault sentinels
  8 water nymphs
  An orange demon (Depths:3)
  A torpor snail (Spider:3)
  A smoke demon (Depths:1)
  4 gargoyles
  4 ice statues
  18 cane toads
  2 molten gargoyles
  Psyche (D:11)
  Maggie (Lair:1)
  A kobold demonologist (D:12)
  8 rime drakes
  2 unseen horrors
  21 yaktaurs
  10 demonic crawlers
  5 freezing wraiths
  A golden dragon simulacrum (IceCv)
  16 komodo dragons
  9 tengu conjurers
  6 ice devils (IceCv)
  4 anaconda simulacra (IceCv)
  14 wind drakes
  32 jumping spiders
  6 trolls
  13 hornets
  8 polar bears
  9 meliai
  A queen bee (Lair:4)
  29 merfolk
  24 saltlings (Desolation)
  25 blink frogs
  10 snapping turtles
  11 dream sheep
  32 slime creatures
  5 dire elephant simulacra (IceCv)
  100 redbacks
  A shadow (D:9)
  23 tarantellas
  10 water elementals
  4 fire elementals
  4 wraiths
  An air elemental (Elf:3)
  6 hogs (Lair:4)
  12 spriggans
  21 humans (D:14)
  Grum (Lair:1)
  3 wyverns
  32 yaks
  6 basilisks
  A basilisk (shapeshifter) (D:12)
  5 steam dragons (D:8)
  3 vampire mosquitoes (D:11)
  4 wargs (Orc:2)
  3 iron troll simulacra (IceCv)
  2 hydra simulacra (IceCv)
  3 harpy simulacra (IceCv)
  Duvessa (D:5)
  A floating eye (Depths:2)
  18 water moccasins
  2 floating eyes (shapeshifter)
  40 orc warriors
  An ettin simulacrum (IceCv)
  3 sky beasts
  2 ice beasts
  A necrophage (D:5)
  3 black bears (Lair:6)
  53 wolves
  25 centaurs
  11 ogres
  12 boggarts
  15 bullfrogs
  A kobold brigand (Sewer)
  A gnoll sergeant (D:9)
  2 earth elementals
  Dowan (D:5)
  2 scorpions (D:6)
  A wyvern zombie (D:8)
  A water moccasin zombie (D:5)
  47 killer bees
  6 wights
  2 electric eels (Spider:4)
  9 draconian simulacra (IceCv)
  10 howler monkeys
  2 bullfrog zombies (D:5)
  9 centaur zombies
  15 orc priests
  3 jellies
  2 bullfrog skeletons (D:6)
  A gnoll shaman (D:8)
  Natasha (thrice) (D:3)
  2 hell rats (Lair:2)
  5 iguanas
  13 orc wizards
  A troll simulacrum (IceCv)
  A killer bee zombie (D:8)
  3 wolf simulacra (IceCv)
  5 centaur simulacra (IceCv)
  A mummy (D:10)
  2 howler monkey zombies
  19 gnolls
  2 naga simulacra (IceCv)
  An ogre simulacrum (IceCv)
  5 adders
  4 river rats (Lair:2)
  2 shadow imps (D:8)
  2 white imps
  7 ufetubi (IceCv)
  An adder skeleton (D:4)
  A worm (D:2)
  13 dart slugs
  87 orcs
  8 ball pythons
  3 endoplasms (D:2)
  4 giant cockroaches
  8 goblins
  8 hobgoblins
  6 jackals
  8 quokkas
  10 bats
  2 frilled lizards
  7 kobolds
  16 rats
  A bush (D:3)
  7 tentacles
1966 creatures vanquished.

Vanquished Creatures (collateral kills)
  A caustic shrike (Depths:4)
  3 golden dragons (Depths:4)
  3 liches
  A deep elf blademaster (Elf:3)
  3 sphinxes
  A storm dragon (Depths:4)
  2 shadow dragons (Depths:4)
  5 fire giants
  2 deep elf sorcerers
  A frost giant (Depths:3)
  5 imperial myrmidons (Desolation)
  2 ironbound preservers (Vaults:4)
  An iron dragon (Depths:4)
  A deep elf elementalist (Elf:3)
  A spriggan defender (Depths:4)
  A war gargoyle (Vaults:3)
  15 very ugly things
  2 stone giants
  An entropy weaver (Vaults:4)
  A dire elephant (Vaults:4)
  A deep elf annihilator (Elf:3)
  A halazid warlock (Desolation)
  2 merfolk impalers (Shoals:4)
  An eidolon (Vaults:3)
  3 ettins
  A deep elf death mage (Elf:3)
  A crystal guardian (Desolation)
  A blizzard demon (Depths:3)
  6 great orbs of eyes
  A deep elf high priest (Depths:4)
  2 ironbound thunderhulks
  2 fire dragons
  4 ice dragons
  3 ragged hierophants (Desolation)
  A spriggan air mage (Depths:2)
  7 servants of whispers (Desolation)
  6 peacekeepers
  A catoblepas (Shoals:4)
  2 vampire magi (Depths:2)
  3 deep troll shamans
  An ironbound beastmaster (Vaults:4)
  A deep elf knight (Elf:3)
  11 slime creatures
  An infernal demonspawn (Depths:3)
  2 sea snakes (Shoals:4)
  3 deep trolls
  A spark wasp zombie (Depths:1)
  A glowing orange brain (Depths:4)
  2 wizards
  A flayed ghost (Depths:2)
  A swamp dragon (shapeshifter) (Depths:4)
  An ironbound convoker (Vaults:3)
  A phantasmal warrior (Vaults:4)
  A deep elf pyromancer (Elf:3)
  10 harpies
  6 ugly things
  A stone giant zombie (Depths:1)
  2 manticores (Shoals:2)
  3 vault sentinels (Vaults:4)
  3 guardian serpents (Desolation)
  3 molten gargoyles (Desolation)
  A tormentor (Depths:3)
  4 freezing wraiths
  An ice devil (Depths:3)
  2 merfolk
  A wind drake (Shoals:4)
  39 saltlings (Desolation)
  An iron dragon simulacrum (Depths:1)
  An ice dragon zombie (Depths:1)
  3 water elementals (Depths:2)
  A fire dragon skeleton (Depths:1)
  An endoplasm (D:5)
212 creatures vanquished.

Vanquished Creatures (others)
  A deep elf annihilator (Elf:3)
  A merfolk aquamancer (Shoals:1)
  A saltling (Desolation)
  A water elemental (Elf:3)
  151 foxfires
  45 fungi
  76 plants
  13 tentacles
  3 withered plants
292 creatures vanquished.

Grand Total: 2470 creatures vanquished

Notes
Turn   | Place    | Note
-------+----------+-------------------------------------------
     0 | D:1      | porpoise the Djinni Venom Mage began the quest for the Orb.
     0 | D:1      | Reached XP level 1. HP: 15/15 MP: 0/0
    90 | D:1      | Reached skill level 1 in Fighting
    90 | D:1      | Reached XP level 2. HP: 1/22 MP: 0/0
   837 | D:1      | Reached XP level 3. HP: 25/28 MP: 0/0
   837 | D:1      | Learned a level 1 spell: Foxfire
  1547 | D:2      | Reached skill level 2 in Fighting
  1784 | D:2      | Reached XP level 4. HP: 25/34 MP: 0/0
  3042 | D:2      | Reached skill level 3 in Fighting
  3042 | D:2      | Reached XP level 5. HP: 29/40 MP: 0/0
  3042 | D:2      | Learned a level 2 spell: Wereblood
  4001 | D:3      | Noticed Natasha
  4008 | D:3      | Killed Natasha
  4009 | D:3      | Reached XP level 6. HP: 41/47 MP: 0/0
  4021 | D:3      | Noticed Natasha
  4024 | D:3      | Killed Natasha
  4025 | D:3      | Reached skill level 4 in Fighting
  4187 | D:3      | Found Ulab's Magic Scroll Emporium.
  4310 | D:3      | Bought a scroll of identify for 28 gold pieces
  4310 | D:3      | Bought a scroll of identify for 28 gold pieces
  4310 | D:3      | Bought a scroll of identify for 28 gold pieces
  4310 | D:3      | Bought a scroll of identify for 28 gold pieces
  4348 | D:3      | Noticed Natasha
  4353 | D:3      | Killed Natasha
  4614 | D:3      | Found a faded altar of an unknown god.
  5163 | D:4      | Reached XP level 7. HP: 36/53 MP: 0/0
  5163 | D:4      | Learned a level 2 spell: Static Discharge
  5313 | D:4      | Reached skill level 5 in Spellcasting
  5397 | D:4      | Reached skill level 5 in Fighting
  5634 | D:4      | Found a hazy altar of Hepliaklqana.
  5805 | D:4      | Found an iron altar of Okawaru.
  6349 | D:4      | Found a burning altar of Makhleb.
  6356 | D:4      | Became a worshipper of Makhleb the Destroyer
  6407 | D:4      | Found a bloodstained altar of Trog.
  6614 | D:5      | Entered Level 5 of the Dungeon
  7031 | D:5      | Noticed Duvessa
  7065 | D:5      | Killed Duvessa
  7066 | D:5      | Reached skill level 6 in Fighting
  7066 | D:5      | Reached XP level 8. HP: 61/61 MP: 0/0
  7080 | D:5      | Noticed Dowan
  7084 | D:5      | Killed Dowan
  7563 | D:5      | Found a staircase to the Ecumenical Temple.
  7993 | D:5      | Noticed a yak
  7993 | D:5      | Noticed a yak
  7993 | D:5      | Noticed a yak
  7996 | D:5      | Killed a yak
  7996 | D:5      | Killed a yak
  7997 | D:5      | Reached skill level 7 in Fighting
  8002 | D:5      | Noticed a yak
  8004 | D:5      | Noticed a yak
  8005 | D:5      | Killed a yak
  8005 | D:5      | Noticed a yak
  8006 | D:5      | Reached XP level 9. HP: 49/68 MP: 0/0
  8006 | D:5      | Learned a level 4 spell: Animate Armour
  8012 | D:5      | Reached skill level 5 in Dodging
  8186 | D:5      | Found a glowing golden altar of the Shining One.
  8299 | D:5      | Found Woulup's Book Emporium.
  8387 | D:5      | Found a sparkling altar of Nemelex Xobeh.
  8645 | D:6      | Reached skill level 1 in Evocations
  8708 | D:6      | Reached * piety under Makhleb
  8952 | D:6      | Found a glowing drain.
  8964 | Sewer    | Entered a sewer
  9065 | Sewer    | Found a white marble altar of Elyvilon.
  9297 | D:6      | Reached skill level 5 in Stealth
  9714 | D:6      | Reached skill level 1 in Invocations
 10154 | D:7      | Reached XP level 10. HP: 61/75 MP: 0/0
 10215 | D:7      | Identified the +1 robe of Disaster {Int+7 SInv}
 10359 | D:7      | Reached ** piety under Makhleb
 10512 | D:7      | Reached skill level 5 in Evocations
 10914 | D:7      | Noticed a two-headed ogre
 10918 | D:7      | Killed a two-headed ogre
 11104 | D:8      | Reached skill level 5 in Invocations
 11255 | D:8      | Reached skill level 8 in Fighting
 11648 | D:8      | Noticed a five-headed hydra
 11776 | D:8      | Noticed a centaur warrior
 11783 | D:8      | Killed a centaur warrior
 11784 | D:8      | Reached skill level 9 in Fighting
 12084 | D:8      | Found a runed translucent gate.
 12084 | D:8      | Found a runed translucent gate.
 12084 | D:8      | Found a runed translucent gate.
 12086 | D:8      | Noticed kd29's ghost (novice GrFE)
 12113 | D:8      | Noticed a manticore
 12117 | D:8      | Killed a manticore
 12118 | D:8      | Reached XP level 11. HP: 37/84 MP: 0/0
 12118 | D:8      | Learned a level 4 spell: Iskenderun's Mystic Blast
 12366 | D:8      | Killed a five-headed hydra
 12824 | D:8      | Reached *** piety under Makhleb
 12844 | D:8      | Reached skill level 10 in Fighting
 13118 | D:8      | Noticed a cyclops
 13120 | D:8      | Killed a cyclops
 13162 | D:8      | Noticed a two-headed ogre
 13166 | D:8      | Killed a two-headed ogre
 13698 | D:9      | Found a runed translucent door.
 13747 | D:9      | Found a runed translucent door.
 13758 | D:9      | Found a runed translucent door.
 13769 | D:9      | Found a runed translucent door.
 13859 | D:9      | Found Gurel Sumu's Weapon Shoppe.
 13901 | D:9      | Noticed a death knight
 13907 | D:9      | Killed a death knight
 13907 | D:9      | Noticed a phantasmal warrior
 13908 | D:9      | Reached skill level 11 in Fighting
 14303 | D:9      | Identified the +1 helmet of Time Monsters {rElec rF+}
 14341 | D:9      | Killed a phantasmal warrior
 15058 | D:9      | Found a staircase to the Orcish Mines.
 15066 | D:9      | Identified 3 scrolls of acquirement
 15066 | D:9      | Acquired the amulet "Fulibluf" {Acrobat Int+6 SInv}
 15074 | D:9      | Acquired a manual of Fighting
 15076 | D:9      | Acquired a scarf of resistance
 15252 | D:9      | Found a staircase to the Lair.
 15266 | D:9      | Noticed a phantasmal warrior
 15274 | D:9      | Killed a phantasmal warrior
 15531 | D:10     | Entered Level 10 of the Dungeon
 15605 | D:10     | Found a snail-covered altar of Cheibriados.
 15780 | D:10     | Noticed a two-headed ogre
 15783 | D:10     | Killed a two-headed ogre
 15784 | D:10     | Reached skill level 12 in Fighting
 15784 | D:10     | Reached XP level 12. HP: 87/95 MP: 0/0
 15887 | D:10     | Noticed tardwrangler69's ghost (journeyman MfFi)
 15888 | D:10     | Found a runed translucent gate.
 15888 | D:10     | Found a runed translucent gate.
 15888 | D:10     | Found a runed translucent gate.
 16005 | D:10     | Reached **** piety under Makhleb
 16395 | D:10     | Found a blossoming altar of Fedhas.
 16691 | D:11     | Noticed a boulder beetle
 16695 | D:11     | Killed a boulder beetle
 17047 | D:11     | Noticed Psyche
 17051 | D:11     | Killed Psyche
 17249 | D:11     | Noticed a two-headed ogre
 17253 | D:11     | Killed a two-headed ogre
 17254 | D:11     | Reached skill level 13 in Fighting
 17716 | D:12     | Noticed a fire dragon
 17725 | D:12     | Noticed a tengu warrior
 17725 | D:12     | Noticed a centaur warrior
 17725 | D:12     | Noticed a death knight
 18050 | D:12     | Noticed a two-headed ogre
 18053 | D:12     | Killed a two-headed ogre
 18144 | D:12     | Reached skill level 14 in Fighting
 18182 | D:12     | Found Gil Jamn's Jewellery Shop.
 18318 | D:12     | Noticed a boulder beetle
 18334 | D:12     | Killed a boulder beetle
 18957 | Lair:1   | Entered Level 1 of the Lair of Beasts
 19012 | Lair:1   | Identified the +3 ring mail of Sotwoh {-Cast rC+ rN+ Str+7}
 19049 | Lair:1   | Noticed Grum
 19057 | Lair:1   | Killed Grum
 19332 | Lair:1   | Noticed Harold
 19340 | Lair:1   | Killed Harold
 19341 | Lair:1   | Reached skill level 15 in Fighting
 19341 | Lair:1   | Reached XP level 13. HP: 84/107 MP: 0/0
 19341 | Lair:1   | Learned a level 5 spell: Agony
 19772 | Lair:1   | Noticed Maggie
 19776 | Lair:1   | Killed Maggie
 21026 | Lair:2   | Identified the +4 robe "Weupic" {Regen+}
 21352 | Lair:2   | Found a staircase to the Shoals.
 21357 | Lair:2   | Reached skill level 16 in Fighting
 21430 | Lair:2   | Found a hole to the Spider Nest.
 21436 | Lair:2   | Reached ***** piety under Makhleb
 22998 | Lair:3   | Reached skill level 10 in Spellcasting
 23009 | Lair:3   | Reached skill level 17 in Fighting
 23614 | Lair:4   | Reached XP level 14. HP: 119/119 MP: 0/0
 23620 | Lair:4   | Noticed Kirke
 23628 | Lair:4   | Killed Kirke
 23629 | Lair:4   | Reached skill level 10 in Dodging
 24645 | Lair:4   | Reached ****** piety under Makhleb
 25037 | Lair:5   | Reached skill level 1 in Shields
 25245 | Lair:5   | Reached XP level 15. HP: 124/124 MP: 0/0
 25245 | Lair:5   | Learned a level 6 spell: Freezing Cloud
 25379 | Lair:5   | Found a runed translucent door.
 26649 | Orc:1    | Entered Level 1 of the Orcish Mines
 26714 | Orc:1    | Found a dark tunnel.
 26731 | Volcano  | Entered a volcano
 26782 | Volcano  | Identified the +1 pair of gloves of Ficisaosch {Str+5}
 27061 | Orc:1    | Found Bomuiph's Armour Boutique.
 27066 | Orc:1    | Bought the +3 warlock's mirror {reflect} for 440 gold
                  | pieces
 27066 | Orc:1    | Found the +3 warlock's mirror {reflect}
 27544 | Orc:2    | Entered Level 2 of the Orcish Mines
 27859 | Orc:2    | Found a transporter.
 27867 | Orc:2    | Noticed ardl's ghost (journeyman GnVM)
 27869 | Orc:2    | Found a transporter.
 27974 | Orc:2    | Killed ardl's ghost
 27975 | Orc:2    | Reached skill level 10 in Invocations
 28221 | Orc:2    | Found a staircase to the Elven Halls.
 28360 | Orc:2    | Found Xeimyesu's General Store.
 28360 | Orc:2    | Found Kipul's Magic Scroll Shop.
 28362 | Orc:2    | Found Konam's General Store.
 28364 | Orc:2    | Found Yffasoch's Jewellery Shoppe.
 28494 | Orc:2    | Bought a scroll of fog for 34 gold pieces
 28495 | Orc:2    | Bought a wand of paralysis (4) for 78 gold pieces
 29064 | D:10     | Killed tardwrangler69's ghost
 30309 | D:14     | Reached XP level 16. HP: 128/130 MP: 0/0
 30329 | D:14     | Found a flickering gateway to a bazaar.
 30364 | Bazaar   | Entered a bazaar
 30364 | Bazaar   | Found Peidel's Book Emporium.
 30364 | Bazaar   | Found Bezxomn's Antique Armour Shop.
 30364 | Bazaar   | Found Ihoxuc's Distillery.
 30364 | Bazaar   | Found Afidemio's Magic Scroll Shop.
 30366 | Bazaar   | Found Niucw's Assorted Antiques.
 30406 | Bazaar   | Bought a potion of mutation for 56 gold pieces
 30406 | Bazaar   | Bought a potion of cancellation for 56 gold pieces
 30409 | Bazaar   | Bought a scroll of magic mapping for 101 gold pieces
 30409 | Bazaar   | Bought a scroll of magic mapping for 101 gold pieces
 30409 | Bazaar   | Bought a wand of mindburst (7) for 116 gold pieces
 30417 | Bazaar   | Bought a scroll of teleportation for 54 gold pieces
 30417 | Bazaar   | Bought a scroll of teleportation for 54 gold pieces
 30417 | Bazaar   | Bought a scroll of teleportation for 54 gold pieces
 30417 | Bazaar   | Bought a scroll of enchant armour for 135 gold pieces
 30420 | Bazaar   | Bought a glowing helmet for 165 gold pieces
 30420 | Bazaar   | Bought a glowing hat for 154 gold pieces
 30919 | D:14     | Found a runed translucent door.
 31171 | D:14     | Reached skill level 5 in Shields
 31214 | D:14     | Found a shimmering altar of Xom.
 31537 | D:14     | Found a gate to the Vaults.
 31911 | D:14     | Noticed Joucvur's ghost (journeyman DEIE)
 31921 | D:14     | Killed Joucvur's ghost
 32069 | D:15     | Entered Level 15 of the Dungeon
 32558 | D:15     | Found a staircase to the Depths.
 33422 | Spider:1 | Entered Level 1 of the Spider Nest
 33581 | Spider:1 | Reached skill level 10 in Evocations
 34066 | Spider:1 | Identified the +12 flail "Iramueqo" {vorpal, rF+ SInv}
 34756 | Spider:2 | Reached XP level 17. HP: 136/136 MP: 0/0
 34756 | Spider:2 | Learned a level 6 spell: Simulacrum
 37481 | Spider:3 | Identified the +1 robe of Grace {Str+3}
 37809 | Spider:4 | Entered Level 4 of the Spider Nest
 38345 | Spider:4 | Noticed Asterion
 38356 | Spider:4 | Killed Asterion
 39319 | Spider:4 | Reached XP level 18. HP: 142/143 MP: 0/0
 39749 | Spider:4 | Got a gossamer rune of Zot
 39923 | Lair:6   | Entered Level 6 of the Lair of Beasts
 39960 | Lair:6   | Found a staircase to the Slime Pits.
 40629 | Lair:6   | Reached skill level 18 in Fighting
 40850 | Lair:6   | Reached skill level 1 in Armour
 41682 | D:12     | Identified the +1 plate armour "Fahilisam" {-Tele Fly Dex+6
                  | SInv}
 41969 | Shoals:1 | Entered Level 1 of the Shoals
 41969 | Shoals:1 | Found a runed translucent door.
 41992 | Shoals:1 | Noticed mdonais's ghost (adept DsDe)
 42024 | Shoals:1 | Noticed Frances
 42031 | Shoals:1 | Killed Frances
 42119 | Shoals:1 | Identified the +9 long sword of Inconvenience {pain, rElec
                  | Int+2}
 42334 | Shoals:1 | Identified the +1 ring mail of the Butcher {Str+6 Stlth+}
 42515 | Shoals:1 | Reached skill level 5 in Armour
 43733 | Shoals:2 | Reached XP level 19. HP: 150/150 MP: 0/0
 43733 | Shoals:2 | Learned a level 6 spell: Death Channel
 43940 | Shoals:2 | Identified the +1 robe "Keishrebb" {rF+ rN+}
 44824 | Shoals:3 | Noticed qdestroyer's ghost (journeyman MiFi)
 44825 | Shoals:3 | Found a runed translucent gate.
 44825 | Shoals:3 | Found a runed translucent gate.
 44825 | Shoals:3 | Found a runed translucent gate.
 44855 | Shoals:3 | Killed qdestroyer's ghost
 44928 | Shoals:3 | Acquired the +6 demon whip of Inflation {elec, +Rage rElec
                  | MP+9 Dex-3}
 45567 | Shoals:3 | Reached skill level 10 in Shields
 45669 | Shoals:4 | Entered Level 4 of the Shoals
 45672 | Shoals:4 | Identified the +2 pair of boots "Rykarowiti" {Rampage
                  | Int+3}
 45875 | Shoals:4 | Noticed Louise
 45901 | Shoals:4 | Killed Louise
 45938 | Shoals:4 | Got a barnacled rune of Zot
 46567 | Shoals:4 | Noticed Mara
 46588 | Shoals:4 | Noticed porpoise's illusion
 46827 | Shoals:4 | Noticed Polyphemus
 46836 | Shoals:4 | Killed Polyphemus
 46977 | Shoals:4 | Killed Mara
 46978 | Shoals:4 | Reached XP level 20. HP: 152/157 MP: 0/0
 47118 | Shoals:4 | Identified the +1 scale mail "Gaorhoar" {+Blink rPois rC-
                  | rCorr}
 47834 | Orc:2    | Bought the ring of the Death Scarab {Ice rCorr SInv} for
                  | 668 gold pieces
 47838 | Orc:2    | Bought the amulet of Vitality {Regen+ HP+15} for 1264 gold
                  | pieces
 47838 | Orc:2    | Found the amulet of Vitality {Regen+ HP+15}
 48059 | Elf:1    | Entered Level 1 of the Elven Halls
 48358 | Elf:1    | Found a frozen archway.
 48401 | IceCv    | Entered an ice cave
 49998 | IceCv    | Identified the +0 pair of boots of the Vaults {rF+ rCorr
                  | Int+2}
 50002 | IceCv    | Identified the ring of Xawuo {Ice rElec Int+4 Dex-4}
 50089 | Elf:1    | Noticed Jorgrun
 50098 | Elf:1    | Killed Jorgrun
 50795 | Elf:2    | Found Vocuc's Magic Scroll Shoppe.
 50797 | Elf:2    | Found Qytsucse's General Store.
 50800 | Elf:2    | Found Sumn's Jewellery Shoppe.
 50841 | Elf:2    | Bought a potion of heal wounds for 95 gold pieces
 51222 | Elf:2    | Found a huge runed translucent gate.
 51222 | Elf:2    | Found a huge runed translucent gate.
 51223 | Elf:2    | Found a huge runed translucent gate.
 51229 | Elf:2    | Found a huge runed translucent gate.
 51237 | Elf:2    | Found a huge runed translucent gate.
 51397 | Elf:2    | Reached skill level 10 in Armour
 51723 | Elf:2    | Reached skill level 15 in Spellcasting
 52363 | Elf:3    | Entered Level 3 of the Elven Halls
 52500 | Elf:3    | Reached XP level 21. HP: 127/163 MP: 0/0
 52500 | Elf:3    | Learned a level 8 spell: Infestation
 53522 | Elf:3    | Identified the +7 spear of Qazlal's Esteem {holy, rC+
                  | rCorr}
 53613 | Elf:3    | Identified the ring "Weuze" {Wiz *Corrode *Slow rC+++
                  | Stlth+}
 54008 | Elf:3    | Identified the Grimoire of Air and Earth
 54878 | Lair:1   | Acquired a +0 double sword of holy wrath
 55166 | Vaults:1 | Entered Level 1 of the Vaults
 56540 | Vaults:1 | Found a portal to a secret trove of treasure.
 57330 | Vaults:2 | Found Jitiaf's Armour Boutique.
 57366 | Vaults:2 | Reached XP level 22. HP: 169/169 MP: 0/0
 58797 | Vaults:2 | Identified the +8 falchion of Xuneinoi {pain, rN+ Int+4
                  | Dex+5}
 59442 | Vaults:3 | Found a ruined gateway.
 59454 | Desolati | Entered the Desolation of Salt
 60471 | Desolati | Reached skill level 15 in Shields
 60505 | Desolati | Identified the Papyrus of the Blaze and Stones
 60526 | Desolati | Identified the +4 scale mail "Put-Me-On" {Dex+4 Stlth-}
 60660 | Desolati | Reached XP level 23. HP: 173/173 MP: 0/0
 60660 | Desolati | Learned a level 7 spell: Dragon Form
 60730 | Desolati | Identified the +1 hand crossbow of the Middle {freeze, rF+
                  | Str-4 Int+4}
 60732 | Desolati | Identified the +6 glaive of Anoxagg {speed, Str+4}
 60837 | Desolati | Identified the +4 dire flail of Change {pain, *Rage Fragile
                  | rPois Int+5}
 60851 | Desolati | Identified the +0 plate armour of Gehenna {rPois}
 60853 | Desolati | Identified the +0 leather armour of Livvaneg {rN+ rCorr
                  | Int+3}
 60855 | Desolati | Identified the ring "Yvoem" {Wiz *Corrode rN+++ Str+7
                  | Dex+2}
 61131 | Vaults:3 | Upgraded the game from 0.27-a0-1065-ge809cff456 to
                  | 0.27-a0-1071-ga85bd9520d
 62357 | Vaults:3 | Reached skill level 15 in Invocations
 62650 | Vaults:3 | Reached skill level 19 in Fighting
 62724 | Vaults:3 | Found a staircase to the Crypt.
 62778 | Vaults:3 | Identified the +1 quick blade "Dragonslayer" {vorpal, rN+
                  | Int+3}
 64066 | Vaults:4 | Reached skill level 1 in Long Blades
 65038 | Vaults:4 | Reached skill level 5 in Long Blades
 65059 | Vaults:4 | Reached XP level 24. HP: 179/186 MP: 0/0
 65194 | Vaults:4 | Reached skill level 20 in Fighting
 65514 | Depths:1 | Entered Level 1 of the Depths
 65650 | Depths:1 | Found an opulent altar of Gozag.
 66172 | Depths:1 | Acquired 950 gold pieces
 66208 | Depths:1 | Found a gateway to Hell.
 66326 | Depths:1 | Identified Sif Muna's Compendium of Cloudy Fire
 66965 | Depths:2 | Found a gateway to a ziggurat.
 67070 | Depths:2 | Found a blossoming altar of Fedhas.
 67408 | Depths:2 | Reached skill level 10 in Long Blades
 67542 | Depths:2 | Found Utifigum's Armour Boutique.
 67703 | Depths:2 | Found a one-way gate to the infinite horrors of the Abyss.
 67856 | Depths:2 | Found Isigu's Book Emporium.
 67856 | Depths:2 | Found Ocinlaena's Jewellery Boutique.
 67857 | Depths:2 | Found Teppyigi's Jewellery Boutique.
 67871 | Depths:2 | Bought the ring of Puanet {AC+4 Dex+4} for 1130 gold pieces
 68496 | D:3      | Bought a scroll of enchant armour for 105 gold pieces
 69655 | Depths:3 | Found a one-way gate leading to the halls of Pandemonium.
 69865 | Depths:3 | Found an iron altar of Okawaru.
 70436 | Depths:3 | Noticed an ancient lich
 70570 | Depths:3 | Killed an ancient lich
 70571 | Depths:3 | Reached skill level 15 in Dodging
 71134 | Depths:4 | Found a flickering gateway to a bazaar.
 71142 | Depths:4 | Reached XP level 25. HP: 166/193 MP: 0/0
 71142 | Depths:4 | Learned a level 8 spell: Chain Lightning
 71158 | Bazaar   | Entered a bazaar
 71230 | Bazaar   | Found Fuvoane's General Store.
 71267 | Bazaar   | Found Egowk's Book Emporium.
 71267 | Bazaar   | Found Kezac's Assorted Antiques.
 71349 | Bazaar   | Bought an ancient golden ring for 150 gold pieces
 71349 | Bazaar   | Identified the ring of Lelom {Will+ Str+5 Int+3} (You
                  | bought it in a shop in a bazaar)
 71371 | Bazaar   | Bought a tin of tremorstones (2/2) for 360 gold pieces
 71371 | Bazaar   | Bought a wand of paralysis (7) for 81 gold pieces
 73055 | Depths:4 | Acquired the amulet of Atiaxynt {+Inv rN+ Regen+ Str+4
                  | Int-2}
 74045 | Depths:4 | You are sucked into a shaft and drop 1 floor!
 74045 | Depths:5 | Entered Level 5 of the Depths
 74082 | Depths:5 | HP: 1/208 [deep troll (10)]
 74082 | Depths:5 | Slain by a tentacled monstrosity

Illustrated notes

Levels and vault maps discovered:
D:1:      minmay_arrival_radiant_lines, layout_basic, minmay_misc_feat_x,
          minmay_close_crescents
D:2:      layout_basic, minmay_tetromino_s2
D:3:      layout_basic, serial_shops, shop, ebering_ecumenical_altar_abandoned,
          minmay_stone_trees_medium, minmay_hedge_maze, minmay_curled_crystal,
          minmay_fractal_squares_diagonal_5, uniq_natasha
D:4:      kennysheep_slugbush, layout_gridville, old_standard_altar,
          amcnicky_altar_gilded, lightli_temple_of_fire, general_overflow_altar,
          nicolae_overflow_hidden_temple, grunt_ministairs_2
D:5:      layout_loops_ring, marbit_many_paths, nemelex_dance_club_becter,
          minmay_temple_entry_statues_pillars, serial_shops, kennysheep_mini,
          minmay_misc_feat_iff, uniq_duvessa
D:6:      layout_basic, cheibrodos_sewer_entry_sluice, minivault_19
D:7:      layout_loops_cross, minmay_tree_intersection,
          kennysheep_generic_room_15
D:8:      minmay_quarter_circles, layout_rooms, ebering_ghost_rock_garden
D:9:      layout_loops_cross, lair_entry_dummy, orc_david_3,
          minmay_statue_crystal_thing
D:10:     layout_stronghold, grunt_temple_overflow_growth_and_decay,
          slow_altar_1, biasface_ghost_orc_armoury, abandoned_shop
D:11:     layout_grid_maze, uniq_psyche
D:12:     layout_irregular_city, minmay_shop_enchanted_jewellery,
          grunt_decor_fettered, minivault_12
D:13:     layout_basic, special_room [special_room_orc], serial_curves,
          eino_curves_04, eino_curves_02
D:14:     layout_irregular_city, grunt_vaults_entry_tiered,
          ebering_ghost_reflecting_pool, serial_shops, bzr_entry_gold,
          xom_teletrap_fun
D:15:     grunt_enter_depths_giant_problem, layout_gridville, minivault_4,
          minmay_variable_closet
Lair:1:   layout_loops_ring, uniq_grum, uniq_harold, uniq_maggie
Lair:2:   layout_cave_pods, minmay_shoals_entry_beasts,
          nicolae_spider_entry_tight_spaces, kennysheep_abandoned_house,
          infiniplex_staircase_pool_2
Lair:3:   nzn_winding_woodlands_medium [nzn_winding_woodlands_5x5_closed_star,
          nzn_winding_woodlands_5x15_garden, nzn_winding_woodlands_5x5_three,
          nzn_winding_woodlands_5x5_default,
          nzn_winding_woodlands_center_pierced_h,
          nzn_winding_woodlands_5x5_cross, nzn_winding_woodlands_5x5_default,
          nzn_winding_woodlands_5x15_default, nzn_winding_woodlands_hourglass],
          layout_cave_pods, serial_bayou_shore_b
Lair:4:   regret_index_combs_of_tragedy, layout_cave_shapes, uniq_kirke
Lair:5:   gammafunk_mikee_crab_dinner, layout_layer_cave, grunt_megastairs_3
Lair:6:   minmay_lair_end_enchanted_forest, layout_regular_city, slime_dummy
Shoals:1: nicolae_shoals_island_circles, layout_shoals, gammafunk_ghost_grave,
          uniq_frances
Shoals:2: layout_shoals, nicolae_shoals_cliffside_cave
Shoals:3: cheibrodos_shoals_roost, layout_shoals, gammafunk_ghost_split,
          nicolae_shoals_aquamancer_cove
Shoals:4: shoals_end_grunt_ice, layout_shoals, nicolae_shoals_loop_pool,
          uniq_mara, uniq_polyphemus, uniq_louise
Spider:1: layout_spider_delve
Spider:2: layout_spider_delve
Spider:3: layout_chambers, guppyfry_spider_mini_2
Spider:4: spider_rune_water, hangedman_spider_tarantella_strand, uniq_asterion
Orc:1:    layout_caves, nicolae_volcano_entry_vermiform, serial_shops, shop,
          basic_altar
Orc:2:    st_orc_rangers, layout_caves, gammafunk_ghost_arena,
          lemuel_statue_altar
Elf:1:    elf_arrival_002, layout_loops_ring,
          portal_ice_cave_entry_pillars_three, hangedman_elf_represent,
          uniq_jorgrun
Elf:2:    layout_geoelf_grid, minmay_shop_star
Elf:3:    minmay_elf_hall_quartered_circle, layout_onion_city, drop_trap,
          minmay_crystal_room, dk_noncrumbling_3, lemuel_flame_loot_1
Vaults:1: ontoclasm_vaults_ring_small, hangedman_vaults_corner_blocks,
          vaults_standard_mumra_enter_the_diamond, vaults_room_fours,
          nicolae_vaults_angled_halls, v_alt_pattern_3,
          ontoclasm_vaults_decontamination, layout_vaults_omnigrid,
          enter_trove_5
Vaults:2: v_pattern_4, grunt_vaults_diagonal, vaults_room_boxed,
          nicolae_vaults_network_star, vaults_dpeg_encased_lava,
          v_alt_pattern_2, v_misc_17, hangedman_vaults_nails,
          hangedman_vaults_stagger, nicolae_vaults_holding_cells,
          vaults_dpeg_cross, nicolae_vaults_theta, vaults_dpeg_hooks,
          layout_vaults_omnicross, serial_shops, shop
Vaults:3: minmay_crypt_entry_simple_sparse, nicolae_vaults_branching_niches,
          hangedman_vaults_slither, dpeg_vaults_monster_box,
          vaults_room_large_hall, nicolae_vaults_bisected_slash,
          vaults_standard_mumra_enter_the_diamond,
          nicolae_vaults_three_branches, nicolae_vaults_gold_heap,
          layout_vaults_chaotic_city, portal_desolation_entry_ruin
Vaults:4: st_lines, ontoclasm_vaults_misaligned, nicolae_vaults_what_the_h,
          grunt_vaults_hallway_short, nicolae_vaults_little_squares_6,
          vaults_mumra_chevron, vaults_room_octagon, ontoclasm_vaults_tryst,
          v_misc_10, hangedman_vaults_maws, ontoclasm_vaults_fault, v_misc_23,
          hangedman_vaults_maws, layout_vaults_omnibox
Depths:1: layout_cave_pools, lightli_too_deep, serial_co_window_serial,
          co_window_corner_a, co_window_paths_a, co_window_paths_b,
          co_window_corner_a, co_window_paths_a, co_window_paths_c,
          co_window_unsneaky_path_d, co_window_unsneaky_path_d, co_window_sun,
          co_window_4corner_b, glass_columns_b, glass_columns_c,
          glass_columns_b, glass_columns_b, grunt_gozag_breadcrumbs
Depths:2: minmay_blocking_statues, layout_gridlike, enter_ziggurat_a,
          abyss_entry, pf_vacation_house_of_asmodeus, fedhas_altar_2,
          serial_shops, kennysheep_little_box, serial_bayou_shore_a,
          infiniplex_staircase_zigzag_1, minmay_shop_grove
Depths:3: cheibrodos_cascadia, layout_long_grid, abyss_entry, okawaru_trees_1,
          serial_sigils, serial_sigils_hangedman_gut,
          serial_sigils_hangedman_writhe, serial_sigils_hangedman_shear,
          serial_sigils_hangedman_shear, serial_sigils_hangedman_scar,
          rand_demon_pan_entry_5, hell_entry, serial_sigils_hangedman_scratch,
          uniq_margery
Depths:4: minmay_four_inscribed_fans, layout_basic, serial_shops,
          bzr_entry_road, hell_entry, abyss_entry_crystal
Depths:5: grunt_zot_entry_tricorne, layout_cave_pools, hangedman_decor_growths,
          hell_entry

Skill      XL: |  1  2  3  4  5  6  7  8  9 10 11 12 13 14 15 16 17 18 19 20 21 22 23 24 25 |
---------------+----------------------------------------------------------------------------+-----
Fighting       | 1 2 3 4 6 7 9 12 15 17 18 19 20 | 20.0
Spellcasting   | 3 4 5 7 8 9 10 12 13 14 15 16 18 | 18.0
Stealth        | 2 5 7 9 |  9.0
Dodging        | 3 5 7 9 12 14 15 16 | 16.0
Evocations     | 4 5 6 7 9 10 12 | 12.0
Invocations    | 3 5 7 10 13 14 15 | 15.0
Shields        | 4 7 9 11 12 13 15 | 15.0
Armour         | 6 7 10 12 13 | 13.2
Long Blades    | 5 11 13 | 13.0

Action                   |  1- 3 |  4- 6 |  7- 9 | 10-12 | 13-15 | 16-18 | 19-21 | 22-24 | 25-27 || total
-------------------------+-------+-------+-------+-------+-------+-------+-------+-------+-------++-------
Melee: Whip              |     6 |    19 |    26 |    17 |    42 |     3 |       |       |       ||   113
       Short sword       |     7 |     7 |       |       |       |       |       |       |       ||    14
       Broad axe         |       |       |       |       |       |    31 |       |       |       ||    31
       Flail             |       |       |       |       |       |    63 |     9 |       |       ||    72
       Demon whip        |       |       |       |       |       |       |    22 |       |       ||    22
       Staff             |       |       |       |       |       |       |     3 |    14 |       ||    17
       Double sword      |       |       |       |       |       |       |     2 |   177 |    15 ||   194
       Spear             |       |       |       |       |       |       |     2 |       |       ||     2
       Quick blade       |       |       |       |       |       |       |       |       |    14 ||    14
 Fire: Hunting sling     |       |     1 |    24 |    54 |   159 |    81 |    66 |       |       ||   385
Throw: Boomerang         |       |     3 |       |     1 |       |       |     2 |     8 |       ||    14
       Dart              |       |       |       |       |       |       |     6 |       |       ||     6
 Cast: Sting             |    33 |    14 |       |       |     1 |       |       |       |       ||    48
       Poisonous Vapours |    19 |    58 |    46 |    27 |     3 |       |       |       |       ||   153
       Foxfire           |     2 |     9 |    28 |    15 |    21 |     1 |     3 |     4 |       ||    83
       Ignite Poison     |       |    12 |    47 |   139 |   282 |   390 |   394 |   384 |    63 ||  1711
       Olgreb's Toxic Ra |       |     2 |    12 |    61 |   166 |   230 |   201 |   207 |    29 ||   908
       Static Discharge  |       |       |    11 |     6 |     2 |       |       |     7 |       ||    26
       Mephitic Cloud    |       |       |     6 |    25 |    15 |    12 |    21 |    16 |       ||    95
       Animate Armour    |       |       |     2 |     2 |       |       |       |     5 |     1 ||    10
       Iskenderun's Myst |       |       |       |    33 |   126 |   102 |   212 |   102 |     9 ||   584
       Agony             |       |       |       |       |     1 |       |       |     2 |     1 ||     4
       Freezing Cloud    |       |       |       |       |    14 |    33 |    25 |    50 |     3 ||   125
       Death Channel     |       |       |       |       |       |       |    15 |    13 |     3 ||    31
       Simulacrum        |       |       |       |       |       |       |     7 |     7 |       ||    14
       Infestation       |       |       |       |       |       |       |       |   147 |    37 ||   184
       Chain Lightning   |       |       |       |       |       |       |       |       |    16 ||    16
Invok: Greater Servant o |       |       |       |       |       |     1 |     3 |     1 |     1 ||     6
       Major Destruction |       |       |       |       |       |     1 |       |       |       ||     1
       Minor Destruction |       |       |       |       |       |       |       |     1 |       ||     1
Evoke: Wand              |       |       |       |       |     6 |    23 |     7 |     2 |     4 ||    42
       Condenser vane    |       |       |       |       |       |     1 |     1 |       |       ||     2
       Lightning rod     |       |       |       |       |       |     8 |     1 |       |       ||     9
       Phantom mirror    |       |       |       |       |       |       |     1 |       |       ||     1
       Box of beasts     |       |       |       |       |       |       |       |     3 |       ||     3
  Use: Scroll            |       |     6 |    14 |     7 |     3 |     4 |    22 |    12 |     7 ||    75
       Potion            |       |       |     2 |     1 |       |     2 |     5 |     1 |     4 ||    15
 Stab: Confused          |       |       |       |       |     1 |       |       |       |       ||     1
       Sleeping          |       |       |       |       |       |       |     1 |     1 |       ||     2
       Distracted        |       |       |       |       |       |       |       |     1 |     1 ||     2
Armor: Robe              |    10 |     1 |    13 |    12 |    29 |    99 |    25 |       |       ||   189
       Skin              |       |       |     7 |       |       |       |       |       |       ||     7
       Leather armour    |       |       |       |       |       |       |    26 |       |       ||    26
       Troll leather arm |       |       |       |       |       |       |     7 |    89 |       ||    96
       Ice dragon scales |       |       |       |       |       |       |       |    25 |    50 ||    75
Dodge: Dodged            |    15 |    12 |    36 |    56 |   179 |   407 |   229 |   326 |    53 ||  1313
Block: Buckler           |       |       |       |       |    21 |   202 |   174 |   247 |    80 ||   724
       Reflection        |       |       |       |       |    16 |    23 |    47 |    52 |    29 ||   167
       Rpst.: Double sword |       |       |       |       |       |       |     1 |    41 |     5 ||    47

Table legend: (Time is in decaauts)
 A = Elapsed time spent in this place.
 B = Non-inter-level travel time spent in this place.
 C = Inter-level travel time spent in this place.
 D = Time resting spent in this place.
 E = Time spent auto-exploring this place.
 F = Levels seen in this place.
 G = Mean time per level.
                   A        B        C        D        E       F      G
               +--------+--------+--------+--------+--------+-----+--------+
         Total |  74316 |  66291 |   8025 |  22614 |  29226 |  49 | 1516.7 |
       Dungeon |  26347 |  22057 |   4290 |   9573 |   9708 |  15 | 1756.5 |
          Lair |  11517 |  10370 |   1147 |   2521 |   4374 |   6 | 1919.5 |
        Shoals |   5218 |   4788 |    430 |    984 |   2801 |   4 | 1304.5 |
   Spider Nest |   6161 |   5870 |    291 |   2499 |   2407 |   4 | 1540.2 |
  Orcish Mines |   2020 |   1682 |    338 |    297 |    567 |   2 | 1010.0 |
   Elven Halls |   4763 |   4375 |    388 |   1166 |   2111 |   3 | 1587.7 |
        Vaults |   8363 |   7742 |    621 |   2894 |   3328 |   4 | 2090.8 |
        Depths |   5918 |   5401 |    517 |    822 |   3138 |   5 | 1183.6 |
        Bazaar |    326 |    326 |      0 |     33 |      2 |   2 |  163.0 |
         Sewer |    162 |    162 |      0 |     39 |      8 |   1 |  162.0 |
      Ice Cave |   1624 |   1624 |      0 |    937 |    363 |   1 | 1624.0 |
       Volcano |    201 |    201 |      0 |     64 |      0 |   1 |  201.0 |
    Desolation |   1690 |   1690 |      0 |    785 |    419 |   1 | 1690.0 |
               +--------+--------+--------+--------+--------+-----+--------+

Top non-repeatable levels by time:
  Lair:1: 3888 daAuts
     D:9: 2769 daAuts
Vaults:3: 2619 daAuts
     D:8: 2581 daAuts
Spider:3: 2459 daAuts
     D:5: 2309 daAuts
Vaults:1: 2280 daAuts
   Elf:3: 2231 daAuts
Vaults:2: 2199 daAuts
    D:10: 2100 daAuts
     D:3: 2034 daAuts
    D:14: 1879 daAuts
  Lair:3: 1846 daAuts
  Lair:2: 1797 daAuts
  Lair:5: 1699 daAuts
